 Dungeon Crawl Stone Soup version 0.28.0-53-g5a82cb258f (webtiles) character file.

Game seed: 14683198958091897029

2207 Zeld the Chucker (level 9, -8/85 HPs)
             Began as a Troll Hunter on May 24, 2022.
             Was a Believer of Okawaru.
             Mangled by an orc warrior
             ... wielding a +0 flail
              (13 damage)
             ... on level 8 of the Dungeon.
             The game lasted 00:05:57 (5727 turns).

Zeld the Chucker (Troll Hunter)                     Turns: 5727, Time: 00:05:58

Health: -8/85      AC:  4    Str: 26    XL:     9   Next: 13%
Magic:  8/8        EV: 10    Int: 11    God:    Okawaru [**....]
Gold:   136        SH:  0    Dex: 10    Spells: 8/8 levels left

rFire   . . .      SeeInvis +   a - +6 short sword "Gegroen" {spect, Int+4 SInv}
rCold   . . .      Faith    .   (no shield)
rNeg    . . .      Spirit   .   y - +0 robe
rPois   .          Reflect  .   (helmet restricted)
rElec   .          Harm     .   (no cloak)
rCorr   .          Rampage  .   (gloves unavailable)
Will    .....                   (boots unavailable)
Stlth   +.........              (no amulet)
HPRegen 1.04/turn               (no ring)
MPRegen 0.11/turn               (no ring)

@: no status effects
A: large, unfitting armour, claws 3, regeneration 1, shaggy fur 1, tough skin 1
a: Renounce Religion, Heroism


You were on level 8 of the Dungeon.
You worshipped Okawaru.
Okawaru was pleased with you.
You visited 2 branches of the dungeon, and saw 9 of its levels.
You also visited: Sewer.

You collected 436 gold pieces.
You spent 300 gold pieces at shops.

Inventory:

Hand Weapons
 a - the +6 short sword "Gegroen" (weapon) {spect, Int+4 SInv}
   (You found it on level 3 of the Dungeon)

   When its wielder attacks, the weapon's spirit leaps out and strikes again.
   The spirit shares a part of any damage it takes with its wielder.
   Int:       It affects your intelligence (+4).
   SInv:      It lets you see invisible.
Missiles
 c - 8 large rocks (quivered)
 d - 2 throwing nets
Armour
 y - a +0 robe (worn)
Wands
 z - a wand of acid (8)
Scrolls
 b - a scroll of enchant armour {unknown}
 e - 9 scrolls of identify {unknown}
 g - a scroll of fear {unknown}
 h - 2 scrolls of torment {unknown}
 j - a scroll of magic mapping {unknown}
 k - 2 scrolls of holy word {unknown}
 l - a scroll of teleportation {unknown}
 m - 2 scrolls of enchant weapon {unknown}
 p - 3 scrolls of amnesia {unknown}
 q - 2 scrolls of immolation {unknown}
 x - a scroll of noise {unknown}
 A - 2 scrolls of blinking {unknown}
Potions
 f - 4 potions of heal wounds {unknown}
 i - 3 potions of lignification {unknown}
 n - a potion of attraction {unknown}
 o - a potion of magic {unknown}
 r - 2 potions of invisibility {unknown}
 s - 2 potions of degeneration {unknown}
 t - a potion of flight
 u - 2 potions of curing
 v - 2 potions of mutation
 w - 3 potions of might


   Skills:
 + Level 4.4 Fighting
 * Level 5.3 Short Blades
 * Level 7.6 Throwing
 + Level 4.4 Dodging
 - Level 0.3 Stealth


You had 8 spell levels left.
You didn't know any spells.
Your spell library contained the following spells:

 Spells                   Type           Power      Damage    Failure   Level
 Foxfire                  Conj/Fire      0%         2x1d4     34%         1
 Conjure Flame            Conj/Fire      0%         6-21      71%         3
 Ignite Poison            Fire/Tmut/Pois 0%         N/A       71%         3
 Inner Flame              Hex/Fire       0%         N/A       71%         3
 Mephitic Cloud           Conj/Pois/Air  0%         N/A       71%         3
 Flame Wave               Conj/Fire      0%         2d4       98%         4
 Freezing Cloud           Conj/Ice/Air   0%         6-21      100%        5


Dungeon Overview and Level Annotations

Branches:
Dungeon (8/15)             Temple (1/1) D:4           Sewer (visited)
   Lair: D:8-11

Altars:
Ashenzari
Cheibriados
Dithmenos
Elyvilon
Fedhas
Gozag
Hepliaklqana
Kikubaaqudgha
Makhleb
Okawaru
Qazlal
Ru
Sif Muna
Trog
Uskayaw
Wu Jian
Zin
The Shining One

Shops:
D:4 !   D:7 *


Innate Abilities, Weirdness & Mutations

You are too large for most types of armour.
You have claws for hands.
Your natural rate of healing is unusually fast.
You are covered in fur. (AC +1)
You have tough skin. (AC +1)


Message History

You feel sick.
You feel sick.
You are no longer poisoned.
The orc priest mumbles some strange prayers to Beogh against you.
Beogh smites you!
* * * LOW HITPOINT WARNING * * *
The orc priest invokes the aid of Beogh against you.
Beogh smites you!
* * * LOW HITPOINT WARNING * * *
You hit the orc wizard.
The orc wizard is moderately wounded.
The orc wizard hits you with a +0 dagger.
* * * LOW HITPOINT WARNING * * *
You can't go up here!
You closely miss the orc wizard.
The orc wizard is moderately wounded.
The orc wizard hits you with a +0 dagger.
* * * LOW HITPOINT WARNING * * *
Unknown command.
You closely miss the orc wizard.
The orc wizard is moderately wounded.
The orc wizard barely misses you.
You hit the orc wizard.
The orc wizard is severely wounded.
The orc priest hits you with a +0 club.
* * * LOW HITPOINT WARNING * * *
Unknown command.
You puncture the orc wizard!
You kill the orc wizard!
Okawaru accepts your kill. The orc closely misses you.
The orc priest invokes the aid of Beogh against you.
Pain shoots through your body!
* * * LOW HITPOINT WARNING * * *
There is a stone staircase leading up, spattered with blood here.
Things that are here:
a +0 dagger; a +0 robe; an orc corpse The orc barely misses you.
The orc warrior hits you with a +0 flail!
You die...

#.# #.# #.# # #.#
.# # #.###.#.##
#.########.../.....
#...oo.)oo.o......#
#..#####o##o##.#..
#@##.# ##o##.#
#.o...# #..####
#... #.## .. ...
####


You could see an orc warrior, an orc priest and 3 orcs.

Vanquished Creatures
  3 slime creatures (D:7)
  3 ice beasts
  2 sky beasts
  Pargi (Sewer)
  An ogre (D:5)
  A centaur (D:5)
  A bullfrog (D:7)
  A scorpion (D:7)
  3 howler monkeys (D:7)
  A centaur zombie (D:3)
  2 bullfrog skeletons
  2 hounds
  4 jellies
  An orc priest (D:5)
  2 centaur skeletons
  Ijyb (D:5)
  3 iguanas
  4 orc wizards
  A killer bee zombie (D:7)
  2 adders
  A river rat (D:4)
  2 ufetubi
  An adder zombie (D:5)
  An adder skeleton (D:4)
  A worm (D:2)
  2 dart slugs (D:1)
  7 orcs
  4 endoplasms
  6 giant cockroaches
  4 goblins
  8 hobgoblins
  4 jackals
  3 quokkas
  8 ball pythons
  3 bats
  5 frilled lizards
  8 kobolds
  7 rats
114 creatures vanquished.

Notes
Turn   | Place    | Note
-------+----------+-------------------------------------------
     0 | D:1      | Zeld the Troll Hunter began the quest for the Orb.
     0 | D:1      | Reached XP level 1. HP: 19/19 MP: 0/0
    88 | D:1      | Reached XP level 2. HP: 25/28 MP: 1/1
   231 | D:1      | Reached skill level 4 in Throwing
   391 | D:1      | Found a faded altar of an unknown god.
   699 | D:2      | Reached XP level 3. HP: 35/35 MP: 2/2
  1437 | D:3      | Reached XP level 4. HP: 42/42 MP: 3/3
  1738 | D:3      | Identified the +6 short sword "Gegroen" {spect, Int+4 SInv}
  2289 | D:4      | Reached XP level 5. HP: 49/50 MP: 4/4
  2320 | D:4      | Reached skill level 1 in Short Blades
  2332 | D:4      | Found a glowing drain.
  2349 | Sewer    | Entered a sewer
  2404 | Sewer    | Noticed Pargi
  2409 | Sewer    | Killed Pargi
  2410 | Sewer    | Reached skill level 5 in Throwing
  2410 | Sewer    | Reached XP level 6. HP: 56/59 MP: 5/5
  2666 | D:4      | Found a staircase to the Ecumenical Temple.
  2668 | D:4      | Identified the +8 hand axe of World Downfall {holy, Str+4}
  2679 | Temple   | Entered the Ecumenical Temple
  2690 | Temple   | Became a worshipper of Warmaster Okawaru
  2767 | D:4      | Found Bamne's Distillery.
  2783 | D:4      | Bought a potion of flight for 36 gold pieces
  2783 | D:4      | Bought a potion of curing for 36 gold pieces
  2783 | D:4      | Bought a potion of mutation for 96 gold pieces
  2783 | D:4      | Bought a potion of curing for 36 gold pieces
  2982 | D:5      | Entered Level 5 of the Dungeon
  3150 | D:5      | Reached XP level 7. HP: 57/67 MP: 6/6
  3282 | D:5      | Reached * piety under Okawaru
  3426 | D:5      | Identified the +8 war axe of Sin {venom, Int+6 Stlth+}
  3434 | D:5      | Noticed Ijyb
  3440 | D:5      | Killed Ijyb
  4183 | D:4      | Bought 2 potions of might for 96 gold pieces
  4469 | D:6      | Reached skill level 6 in Throwing
  4949 | D:7      | Reached XP level 8. HP: 75/75 MP: 7/7
  5266 | D:7      | Reached ** piety under Okawaru
  5267 | D:7      | Reached skill level 7 in Throwing
  5303 | D:7      | Noticed a slime creature
  5311 | D:7      | Killed a slime creature
  5342 | D:7      | Noticed a slime creature
  5342 | D:7      | Noticed a slime creature
  5369 | D:7      | Killed a slime creature
  5370 | D:7      | Reached skill level 5 in Short Blades
  5373 | D:7      | Killed a slime creature
  5374 | D:7      | Reached XP level 9. HP: 73/85 MP: 8/8
  5456 | D:7      | Found Waer's Serpentskin Sales.
  5725 | D:8      | HP: 3/85 [orc priest/nerve-wracking pain (10)]
  5727 | D:8      | Mangled by an orc warrior

Illustrated notes

Levels and vault maps discovered:
D:1:      amcnicky_arrival_blooded_trapdoor, layout_loops_ring,
          shapermc_ecumenical_altar_notcrosses
D:2:      layout_basic
D:3:      layout_basic, minmay_checkerbox
D:4:      layout_cave_pools, minmay_temple_entry_hall, portal_sewer_entry_b,
          serial_shops, nicolae_diamond_shop
D:5:      layout_layer_cave, uniq_ijyb
D:6:      layout_loops_cross
D:7:      layout_loops_ring, guppyfry_shop_venom
D:8:      layout_loops_ring
Temple:   nicolae_temple_no_exploring_needed

Skill      XL: |  1  2  3  4  5  6  7  8 |
---------------+-------------------------+-----
Throwing       | 4 5 6 7 |  7.6
Dodging        | 2 3 4 |  4.4
Fighting       | 2 3 4 |  4.4
Short Blades   | 1 2 3 5 |  5.3
Stealth        | |  0.3

Action                   |  1- 3 |  4- 6 |  7- 9 || total
-------------------------+-------+-------+-------++-------
Melee: Unarmed           |   113 |    19 |       ||   132
       Punch             |     1 |       |       ||     1
       Short sword       |       |    65 |   127 ||   192
       War axe           |       |       |     4 ||     4
Throw: Large rock        |     1 |     1 |     1 ||     3
 Stab: Sleeping          |     3 |     1 |       ||     4
       Distracted        |       |     1 |     2 ||     3
Armor: Robe              |    36 |    21 |    30 ||    87
Dodge: Dodged            |    49 |    39 |    44 ||   132
